 Dungeon Crawl Stone Soup version 0.31.0-11-ge490571c62 (webtiles) character file.

Game seed: 13044407977412741143

772 jasper the Cleaver (level 7, -3/55 HPs)
             Began as a Ghoul Gladiator on Jan 30, 2024.
             Was a Follower of Makhleb.
             Slain by Pikel
             ... wielding a +2 whip of electrocution
              (10 damage)
             ... on level 4 of the Dungeon.
             The game lasted 00:07:18 (3280 turns).

jasper the Cleaver (Ghoul Gladiator)                Turns: 3280, Time: 00:07:19

Health: -3/55      AC: 12    Str: 20    XL:     7   Next: 83%
Magic:  7/7        EV: 11    Int:  7    God:    Makhleb [*.....]
Gold:   37         SH:  0    Dex: 13    Spells: 6/6 levels left

rFire   + . .        a - +1 war axe
rCold   + + .        (no shield)
rNeg    + + +        r - +0 plate armour
rPois   ∞            c - +0 helmet
rElec   .            f - scarf of New Discoveries {rC+ rF+, Dex+3}
rCorr   .            (no gloves)
SInv    .            m - +0 pair of boots
Will    .....        (no amulet) Stlth
                     s - +5 ring of evasion
HPRegen 0.00/turn    (no ring)
MPRegen 0.10/turn

%: no passive effects
@: inhibited regen
A: claws 1, cold resistance 1, negative energy resistance 3, inhibited
regeneration, torment resistance 2, devour on kill
a: Renounce Religion


You were on level 4 of the Dungeon.
You worshipped Makhleb.
Makhleb was aware of your devotion.
You visited 2 branches of the dungeon, and saw 6 of its levels.

You collected 149 gold pieces.
You spent 112 gold pieces at shops.

Inventory:

Hand Weapons
 a - a +1 war axe (weapon)
 o - a +0 flail
 p - a +2 rapier of flaming
Missiles
 e - a javelin
 j - 31 stones
 k - 5 boomerangs (quivered)
Armour
 b - a +0 leather armour
 c - a +0 helmet (worn)
 f - the scarf of New Discoveries (worn) {rC+ rF+, Dex+3}
   (You acquired it on level 3 of the Dungeon)

   Dex+3:     It affects your dexterity (+3).
 i - a +0 ring mail
 m - a +0 pair of boots (worn)
 r - a +0 plate armour (worn)
Jewellery
 q - a ring of protection from fire
 s - a +5 ring of evasion (left claw)
Scrolls
 d - a scroll of identify
 h - 3 scrolls of teleportation
 l - 2 scrolls of blinking
Potions
 g - a potion of curing
 t - a potion of mutation


   Skills:
 - Level 2.1 Fighting
 + Level 8.2 Axes
 - Level 1.7 Throwing
 - Level 2.6 Dodging


You had 6 spell levels left.
You didn't know any spells.
Your spell library contained the following spells:

 Spells                   Type           Power      Damage    Failure   Level
 Blink                    Tloc           0%         N/A       100%        2
 Call Imp                 Summ           0%         N/A       100%        2
 Lesser Beckoning         Tloc           0%         N/A       100%        2
 Momentum Strike          Conj/Tloc      0%         3d8       100%        2
 Dazzling Flash           Conj/Hex       0%         N/A       100%        3
 Volatile Blastmotes      Fire/Tloc      0%         2d10      100%        3
 Starburst                Conj/Fire      0%         6d3       100%        6
 Summon Hydra             Summ           0%         N/A       100%        7
 Maxwell's Capacitive Co  Air            0%         ∞         100%        8
 Sublimation of Blood     Necr           Unusable   N/A       N/A         2

Dungeon Overview and Level Annotations

Branches:
Dungeon (5/15)             Temple (1/1) D:4

Altars:
Cheibriados
Dithmenos
Fedhas
Gozag
Makhleb
Okawaru
Qazlal
Trog
Uskayaw
Wu Jian

Shops:
D:5 [

Annotations:
D:2 Terence
D:3 Sigmund
D:4 exclusion: door, Pikel


Innate Abilities, Weirdness & Mutations

You are immune to poison.
You have sharp fingernails.
Your flesh is cold resistant. (rC+)
You are immune to negative energy. (rN+++)
You do not regenerate when monsters are visible.
You are immune to unholy pain and torment.
You thrive by killing the living.


Message History

Press: ? - help, Dir - move target, p - Pikel
As you read the scroll of blinking, it crumbles to dust.
Throw: dart (poison)
Press: ? - help, Shift-Dir - straight line, f - Pikel
Aim: Pikel, wielding a +2 whip of electrocution and wearing a +0 robe (severely wounded, 45% to hit)
You throw a poisoned dart. The poisoned dart hits Pikel.
Pikel is poisoned.
Pikel is severely wounded.
You are too injured to fight recklessly!
Throw: 5 boomerangs
Press: ? - help, Q - select action, (/) - cycle Shift-Dir - straight line, f/p - Pikel
Aim: Pikel, wielding a +2 whip of electrocution and wearing a +0 robe (severely wounded, poisoned, 45% to hit)
You throw a boomerang.
The boomerang hits Pikel but does no damage.
Pikel is severely wounded.
Throw: 5 boomerangs
Press: ? - help, Q - select action, (/) - cycle Shift-Dir - straight line, f/p - Pikel
Aim: Pikel, wielding a +2 whip of electrocution and wearing a +0 robe (severely wounded, poisoned, 45% to hit)
You throw a boomerang. The boomerang barely misses Pikel.
You hear the rapid rusting of a distant drain.
There is a stone staircase leading up here.
You hear the drain falling apart.
Okay, then.
There is a stone staircase leading up here.
Pikel hits you but does no damage.
You climb upwards.
Level annotation: exclusion: door
There is a stone staircase leading down here.
You barely miss Pikel.
Pikel is almost dead.
Pikel hits you with a +2 whip of electrocution!
* * * LOW HITPOINT WARNING * * *
You hit Pikel.
Pikel is almost dead.
Pikel says, "You'll feel the lick of my whip!"
Pikel hits you but does no damage.
You closely miss Pikel.
Pikel is almost dead.
Pikel hits you but does no damage.
You are electrocuted!
You die...
Pikel says, "Another soul for the market."

.#.......'.........# #####......
+#.......#.........# #######
.........#....##...#
....[....#######...#
.........'.....#..######
.........#.....#..###≈≈## #######
.........#.....#..#≈~~≈≈###8...8#
.........#.....#.K..~~...##.....#
.........#....##@....~....'..>..#
.........#....##[)....~~~##.....#
####.....#..........##≈≈###8...8#
...#.....#........####### #######
...#.....+........##
...#.....#.........#
####.....########### #######


You could see Pikel.

Vanquished Creatures
  A water moccasin (D:5)
  2 black bears (D:4)
  2 lemures
  2 scorpions
  A howler monkey (D:5)
  A bombardier beetle (D:5)
  A gnoll bouda (D:4)
  2 hounds
  An orc wizard (D:4)
  4 gnolls
  8 adders
  2 dart slugs
  A ribbon worm (D:5)
  5 orcs
  3 bats
  9 endoplasms
  3 giant cockroaches
  7 goblins
  A hobgoblin (D:2)
  2 jackals (D:2)
  2 quokkas
  5 ball pythons
  3 frilled lizards
  6 kobolds
  4 rats
78 creatures vanquished.

Notes
Turn   | Place    | Note
-------+----------+-------------------------------------------
     0 | D:1      | jasper the Ghoul Gladiator began the quest for the Orb.
     0 | D:1      | Reached XP level 1. HP: 17/17 MP: 1/1
    29 | D:1      | Found a faded altar of an unknown god.
    30 | D:1      | Noticed an eye of devastation
    32 | D:1      | Noticed a shining eye
    32 | D:1      | Noticed an eye of devastation
    32 | D:1      | Noticed a glass eye
   100 | D:1      | Reached skill level 3 in Axes
   210 | D:1      | Reached XP level 2. HP: 24/24 MP: 2/2
   654 | D:2      | Noticed Terence
   744 | D:2      | Reached XP level 3. HP: 20/29 MP: 3/3
   807 | D:2      | Reached skill level 4 in Axes
   862 | D:2      | Reached XP level 4. HP: 36/36 MP: 4/4
  1073 | D:3      | Noticed Sigmund
  1568 | D:3      | Identified a scroll of acquirement
  1568 | D:3      | Acquired the scarf of New Discoveries {rC+ rF+, Dex+3}
  1579 | D:4      | Found an opulent altar of Gozag.
  1649 | D:4      | Found a staircase to the Ecumenical Temple.
  1655 | Temple   | Entered the Ecumenical Temple
  1665 | Temple   | Became a worshipper of Makhleb the Destroyer
  1784 | D:4      | Noticed a black bear
  1813 | D:4      | Killed a black bear
  1814 | D:4      | Reached skill level 5 in Axes
  1814 | D:4      | Reached XP level 5. HP: 22/41 MP: 5/5
  1815 | D:4      | Reached XP level 6. HP: 26/48 MP: 6/6
  2030 | D:4      | Reached skill level 6 in Axes
  2176 | D:4      | Identified the +8 dagger "Ograom" {freeze, rF+ rC++ rCorr}
  2580 | D:5      | Entered Level 5 of the Dungeon
  2580 | D:5      | Found Coh Umu's Antique Armour Shoppe.
  2596 | D:5      | Noticed a black bear
  2610 | D:4      | Killed a black bear
  2611 | D:4      | Reached skill level 7 in Axes
  2611 | D:4      | Reached XP level 7. HP: 37/55 MP: 7/7
  2679 | D:5      | Reached * piety under Makhleb
  2711 | D:5      | Bought a pair of boots for 112 gold pieces
  2749 | D:4      | Reached skill level 8 in Axes
  3176 | D:5      | Found a stormy altar of Qazlal.
  3180 | D:5      | Noticed Pikel
  3280 | D:4      | Slain by Pikel

Illustrated notes

Levels and vault maps discovered:
D:1:      dpeg_arrival_court, layout_loops_ring,
          hellmonk_ecumenical_altar_watching_god
D:2:      minmay_spotlight, layout_basic, chequers_arboretum,
          minmay_rat_gold_closets, uniq_terence
D:3:      layout_basic, jmf_multi_god_temple, grunt_ministairs_1,
          nicolae_elevator_lobby_asterisk, uniq_jessica, uniq_sigmund
D:4:      layout_gridville, mainiacjoe_overflow_concentric_impassable,
          minmay_temple_entry_fiery
D:5:      layout_cave_pools, general_overflow_altar,
          mainiacjoe_overflow_alcove_1, nicolae_sif_muna_condensation,
          portal_sewer_entry_d, serial_shops, nicolae_stop_n_shop_2,
          solitary_fountain, patterned_corridor, uniq_pikel
Temple:   nicolae_temple_two_arcs

Skill      XL: |  1  2  3  4  5  6  7 |
---------------+----------------------+-----
Axes           | 3 4 5 7 8 |  8.2
Fighting       | |  2.1
Throwing       | |  1.7
Dodging        | |  2.6

Action                     |  1- 3 |  4- 6 |  7- 9 || total
---------------------------+-------+-------+-------++-------
  Melee: War axe           |    54 |   155 |    79 ||   288
         Punch             |     1 |     2 |     5 ||     8
  Throw: Boomerang         |    10 |       |    10 ||    20
         Throwing net      |       |     3 |       ||     3
         Dart              |       |       |     3 ||     3
    Use: Scroll            |     2 |     8 |     1 ||    11
         Potion            |       |     5 |       ||     5
 Armour: Leather armour    |     9 |       |       ||     9
         Ring mail         |    48 |    73 |       ||   121
         Plate armour      |       |    91 |    63 ||   154
  Dodge: Dodged            |    40 |   134 |    43 ||   217
